 Dungeon Crawl Stone Soup version 0.24.0-13-gcf9b319 (webtiles) character file.

Game seed: 10142074831009948356, levelgen mode: deterministic

7 Bronimir the Stinger (level 2, -2/22 HPs)
             Began as a Naga Venom Mage on Mar 25, 2020.
             Slain by a goblin (3 damage)
             ... on level 1 of the Dungeon.
             The game lasted 00:01:24 (447 turns).

Bronimir the Stinger (Naga Venom Mage)               Turns: 447, Time: 00:01:24

Health: -2/22      AC:  2    Str: 10    XL:     2   Next: 4%
Magic:  0/5        EV: 10    Int: 15    God:
Gold:   21         SH:  0    Dex: 11    Spells: 4/5 levels left

rFire    . . .     SeeInvis +   b - +0 dagger
rCold    . . .     Gourm    .   (no shield)
rNeg     . . .     Faith    .   a - +0 robe
rPois    +         Spirit   .   (no helmet)
rElec    .         Reflect  .   (no cloak)
rCorr    .         Harm     .   d - +0 pair of gloves
MR       .....                  (no barding)
Stlth    ++........             (no amulet)
HPRegen  0.07/turn              (no ring)
MPRegen  0.09/turn              (no ring)

@: short of breath, very slow
A: large, see invisible, deformed body, poison resistance, slowness 2, slow
metabolism 1, spit poison 1, AC +0
a: Spit Poison


You were on level 1 of the Dungeon.
You were not hungry.

You visited 1 branch of the dungeon, and saw 1 of its levels.

You collected 21 gold pieces.

Inventory:

Hand Weapons
 b - a +0 dagger (weapon)
 g - a +0 whip
Missiles
 i - 7 poisoned darts (quivered)
Armour
 a - a +0 robe (worn)
 d - a +0 pair of gloves (worn)
Scrolls
 e - a scroll of blinking {unknown}
 f - a scroll of identify {unknown}
Comestibles
 c - a ration


   Skills:
 + Level 1.5 Dodging
 - Level 3.0 Stealth
 + Level 2.0 Spellcasting
 + Level 1.0 Conjurations
 * Level 4.7 Poison Magic


You had 4 spell levels left.
You knew the following spells:

 Your Spells              Type           Power        Failure   Level  Hunger
a - Sting                 Conj/Pois      ##..         7%          1    #......

Your spell library contained the following spells:

 Spells                   Type           Power        Failure   Level  Hunger
 Poisonous Vapours        Pois/Air       #.....       13%         2    ###....
 Mephitic Cloud           Conj/Pois/Air  #.......     30%         3    ###....
 Olgreb's Toxic Radiance  Pois           ###.....     30%         4    #####..
 Venom Bolt               Conj/Pois      ##........   88%         5    ######.


Dungeon Overview and Level Annotations

Branches:
Dungeon (1/15)

Altars:


Innate Abilities, Weirdness & Mutations

You cannot wear boots.
Your serpentine skin is tough. (AC +0)
You have supernaturally acute eyesight. (SInv)
Armour fits poorly on your strangely shaped body.
Your system is resistant to poisons. (rPois)
You cover ground very slowly.
You have a slow metabolism.
You can spit poison.


Message History

The splash of poison misses the kobold.
The splash of poison misses the goblin.
You feel slightly more hungry. The kobold hits you but does no damage.
Casting: Sting (safe; 7% risk of failure)
Confirm with . or Enter, or press ? or * to list all spells.
Aiming: Sting (safe; 7% risk of failure)
Press: ? - help, Shift-Dir - straight line, f/p - kobold
Aim: a kobold, wielding a +0 dagger (severely wounded)
The sting hits the kobold.
You kill the kobold!
You have reached level 2!
You have got your breath back.
The goblin barely misses you.
All of the chunks of flesh in your inventory have rotted away.
The goblin hits you.
* * * LOW HITPOINT WARNING * * *
Press: ? - help, Shift-Dir - straight line, f - goblin
Aim: a goblin The splash of poison misses the goblin.
You feel slightly more hungry. The goblin hits you.
You die...

#.#######'#######.
#.#.............#.
#.#.###########.#.
#.#.#.........#.#.
#.#.#.###.###.#.#.
###.#.#.#.....#.#.#.
#...#...#..<..#...#.
#.#.#.#.#.....#.#.#.
#.#@#.#.#######.#.#.
####.#g#.#.........#.#.
#....#.#.###########.#.
#.####.#.............#.
#.# #.#######'#######.
####.####..)..............
#.......#####.########.##
#.##.##.# #)# #.##.##.#
#)#


You could see a goblin.

Vanquished Creatures
  2 goblins (D:1)
  A hobgoblin (D:1)
  2 kobolds (D:1)
  A bat (D:1)
  A rat (D:1)
7 creatures vanquished.

Notes
Turn   | Place    | Note
-------+----------+-------------------------------------------
     0 | D:1      | Bronimir the Naga Venom Mage began the quest for the Orb.
     0 | D:1      | Reached XP level 1. HP: 15/15 MP: 3/3
   441 | D:1      | Reached XP level 2. HP: 3/22 MP: 0/5
   446 | D:1      | HP: 1/22 [goblin (2)]
   447 | D:1      | Slain by a goblin

Levels and vault maps discovered:
D:1:      matt_arrival_refuge, layout_loops_cross, hangedman_decor_points

Action                   || total
-------------------------++-------
Melee: Dagger            ||     6
Throw: Dart              ||     2
 Cast: Sting             ||    12
 Abil: Spit Poison       ||     5
Armor: Robe              ||     2
Dodge: Dodged            ||    12
